 Dungeon Crawl Stone Soup version 0.28.0-1-gb440e238dd (webtiles) character file.

Game seed: 16085940359774556453

11 themarg the Thrower (level 2, -1/20 HPs)
             Began as a Gnoll Wanderer on Feb 23, 2022.
             Succumbed to a kobold's poison
             ... on level 1 of the Dungeon.
             The game lasted 00:02:01 (939 turns).

themarg the Thrower (Gnoll Wanderer)                 Turns: 939, Time: 00:02:02

Health: -1/20      AC:  4    Str:  9    XL:     2   Next: 29%
Magic:  5/5        EV: 11    Int: 11    God:
Gold:   36         SH:  0    Dex: 13    Spells: 5/6 levels left

rFire   + . .      SeeInvis .   a - +2 dagger
rCold   + . .      Faith    .   (no shield)
rNeg    . . .      Spirit   .   g - +2 robe {rC+ rF+}
rPois   .          Reflect  .   (no helmet)
rElec   .          Harm     .   (no cloak)
rCorr   .          Rampage  .   (no gloves)
Will    .....                   (no boots)
Stlth   +.........              (no amulet)
HPRegen 0.06/turn               (no ring)
MPRegen 0.09/turn               (no ring)

@: lethally poisoned (-1 -> -18)
A: fangs 1, strong nose, distributed training
a: no special abilities


You were on level 1 of the Dungeon.
You visited 1 branch of the dungeon, and saw 1 of its levels.

You collected 36 gold pieces.

Inventory:

Hand Weapons
 a - a +2 dagger (weapon)
Missiles
 b - 3 curare-tipped darts (quivered)
 e - 23 stones
Armour
 d - a +0 leather armour
 g - a +2 robe of resistance (worn)
Wands
 c - a wand of flame (5)
Scrolls
 f - a scroll of noise {unknown}
Potions
 h - a potion of haste {unknown}


   Skills:
 + Level 0.3 Fighting
 + Level 0.3 Short Blades
 + Level 0.3 Long Blades
 + Level 0.3 Axes
 + Level 0.3 Maces & Flails
 + Level 0.3 Polearms
 + Level 0.3 Staves
 + Level 0.3 Slings
 + Level 0.3 Bows
 + Level 0.3 Crossbows
 + Level 8.4 Throwing
 + Level 0.3 Armour
 + Level 0.3 Dodging
 + Level 0.3 Stealth
 + Level 0.3 Shields
 + Level 0.3 Unarmed Combat
 + Level 2.7 Spellcasting
 + Level 0.2 Conjurations
 + Level 0.2 Hexes
 + Level 0.2 Summonings
 + Level 0.2 Necromancy
 + Level 3.7 Translocations
 + Level 0.2 Transmutations
 + Level 0.2 Fire Magic
 + Level 0.2 Ice Magic
 + Level 0.2 Air Magic
 + Level 0.2 Earth Magic
 + Level 0.2 Poison Magic
 + Level 2.5 Invocations
 + Level 4.4 Evocations


You had 5 spell levels left.
You knew the following spells:

 Your Spells              Type           Power      Damage    Failure   Level
a - Apportation           Tloc           18%        N/A       6%          1

Your spell library contained the following spells:

 Spells                   Type           Power      Damage    Failure   Level
 Lesser Beckoning         Tloc           9%         N/A       19%         3
 Animate Skeleton         Necr           4%         N/A       26%         1
 Summon Small Mammal      Summ           8%         N/A       26%         1


Dungeon Overview and Level Annotations

Branches:
Dungeon (1/15)

Altars:


Innate Abilities, Weirdness & Mutations

You have very sharp teeth.
Your uncanny sense of smell can sniff out nearby items.
Your experience applies equally to all skills.


Message History

You see here a +0 short sword.
There is a shaft here.
A kobold comes into view. It is wielding a +2 dagger of venom.
Found 7 sling bullets.
A goblin comes into view. It is wielding a +0 club.
The kobold shouts!
A rat comes into view.
The kobold throws a stone.
The stone hits you.
The kobold throws a stone.
The stone barely misses you.
The kobold throws a stone.
The stone hits you but does no damage.
You miss the kobold. The kobold completely misses you.
You hit the kobold.
The kobold is moderately wounded.
The kobold closely misses you.
You hit the kobold.
The kobold is severely wounded.
The kobold hits you with a +2 dagger of venom.
You are poisoned.
You hit the kobold but do no damage. Your bite misses the kobold.
The kobold is severely wounded.
You feel sick.
The kobold hits you with a +2 dagger of venom.
You are lethally poisoned!
You closely miss the kobold.
The kobold is moderately wounded.
You feel very sick. The kobold closely misses you.
You hit the kobold.
The kobold is severely wounded.
You feel very sick. The kobold hits you but does no damage.
You are more poisoned.
You completely miss the kobold. You bite the kobold, but do no damage.
The kobold is severely wounded.
* * * LOW HITPOINT WARNING * * *
You feel very sick. The kobold closely misses you.
You miss the kobold. You bite the kobold, but do no damage.
The kobold is severely wounded.
You die...

..........##..########....
r.g.K....[.......##.......
..........####......##....
..........# #...#####....
.(........# #....####....
..........# #.....##.....
.........# #...#........
#....J######....#...###.
######K@....##......###.
#...........#.#....
#.....>.........##.
###...#..##...###..
#.##..####..# #..
#####....## #..###..
###.....#########...#..
.......................
####....#######.###.#..


You could see an endoplasm and a kobold.

Vanquished Creatures
  A dart slug (D:1)
  A ball python (D:1)
  An endoplasm (D:1)
  2 hobgoblins (D:1)
  A bat (D:1)
  2 kobolds (D:1)
  A rat (D:1)
9 creatures vanquished.

Notes
Turn   | Place    | Note
-------+----------+-------------------------------------------
     0 | D:1      | themarg the Gnoll Wanderer began the quest for the Orb.
     0 | D:1      | themarg set off with the following items: a +2 dagger, 3
                  | curare-tipped darts, a wand of flame (5), a +0 robe; and
                  | the following spell memorised: Apportation; and the
                  | following spells available to memorise: Lesser Beckoning
     0 | D:1      | Reached XP level 1. HP: 13/13 MP: 4/4
   615 | D:1      | Found a faded altar of an unknown god.
   699 | D:1      | Reached XP level 2. HP: 20/20 MP: 5/5
   939 | D:1      | Succumbed to a kobold's poison

Illustrated notes

Levels and vault maps discovered:
D:1:      lemuel_arrival_behind_the_door_large, layout_rooms,
          hellmonk_ecumenical_altar_inner_sanctum

Action                   || total
-------------------------++-------
Melee: Dagger            ||    49
       Bite              ||     5
Armor: Robe              ||     7
Dodge: Dodged            ||    29
